 Dungeon Crawl Stone Soup version 0.30-a0-920-g7493c07aab (webtiles) character file.

Game seed: 9156270018125484142

32067 Hubris850 the Gelid (level 13, -1/96 HPs)
             Began as a White Draconian Ice Elementalist on Mar 21, 2023.
             Was the Champion of Ru.
             Killed from afar by a catoblepas (9 damage)
             ... with a blast of calcifying dust
             ... on level 4 of the Lair of Beasts.
             The game lasted 00:58:26 (16974 turns).

Hubris850 the Gelid (DrIE)                         Turns: 16974, Time: 00:58:26

Health: -1/96      AC: 13    Str: 10    XL:     13   Next: 29%
Magic:  0/28       EV: 13    Int: 21    God:    Ru [******]
Gold:   975        SH:  0    Dex: 10    Spells: 21/35 levels left

rFire   . . .      SeeInvis .    L - +2 war axe (flame)
rCold   + . .      Faith    .    (shield unavailable)
rNeg    . . .      Spirit   +    (body armour unavailable)
rPois   .          Reflect  .    (helmet restricted)
rElec   .          Rampage  .    (no cloak)
rCorr   .                        (no gloves)
Will    .....                    V - +0 pair of boots
Stlth   ++                       P - amulet of guardian spirit
HPRegen 0.36/turn                (ring unavailable)
MPRegen 0.21/turn                D - +4 ring of protection

@: no status effects
A: breathe frost, AC +8, unfitting armour, clumsy 1, cold resistance 1,
cold-blooded, missing a hand, inability to use devices, hated by all
a: Breathe Frost, Renounce Religion, Draw Out Power, Power Leap, Apocalypse


You were on level 4 of the Lair of Beasts.
You worshipped Ru.
Ru was exalted by your worship.
You visited 3 branches of the dungeon, and saw 16 of its levels.

You collected 975 gold pieces.

Inventory:

Hand Weapons
 b - a +0 spear
 m - a +0 dagger
 o - a +0 short sword
 y - a +2 falchion of flaming
 A - the +6 hand axe of Paergh {heavy, *Rage +Blink rC++}
   (You found it on level 2 of the Lair of Beasts)

   rC:        It greatly protects you from cold.
   +Blink:    It lets you blink.
   *Rage:     It berserks you when you make melee attacks (+20% chance).
 C - the +6 morningstar "Iteokk" {elec, rC+ rN+ rCorr Str-3}
   (You found it on level 3 of the Lair of Beasts)

   Str:       It affects your strength (-3).
   rC:        It protects you from cold.
   rN:        It protects you from negative energy.
   rCorr:     It protects you from acid and corrosion.
 L - a +2 war axe of flaming (weapon)
 N - the +1 war axe of Perversion {heavy, Int+2 SInv}
   (You found it on level 6 of the Dungeon)

   Int:       It affects your intelligence (+2).
   SInv:      It lets you see invisible.
Missiles
 f - 5 javelins
 h - 30 poisoned darts
 s - 3 atropa-tipped darts
 G - 14 boomerangs
 Q - a throwing net
Armour
 T - a +0 kite shield
 V - a +0 pair of boots (worn)
Magical Staves
 j - a staff of death
Jewellery
 r - a ring of ice
 u - a +6 ring of intelligence
 D - a +4 ring of protection (right hand)
 M - a +4 ring of protection
 O - a +6 ring of dexterity
 P - an amulet of guardian spirit (around neck)
 R - an amulet of faith
 W - a ring of see invisible
 X - a ring of positive energy
Scrolls
 c - a scroll of brand weapon
 d - 3 scrolls of immolation
 e - 6 scrolls of teleportation
 g - 5 scrolls of magic mapping {unknown}
 i - 3 scrolls of fear
 k - 2 scrolls of poison
 n - 5 scrolls of blinking {unknown}
 t - 4 scrolls of fog {unknown}
 x - 3 scrolls of vulnerability {unknown}
 E - a scroll of torment
 H - 4 scrolls of enchant armour {unknown}
 K - 2 scrolls of enchant weapon
 U - 2 scrolls of noise {unknown}
Potions
 a - 2 potions of magic
 l - 2 potions of cancellation
 p - a potion of lignification
 q - 7 potions of curing
 v - a potion of ambrosia
 w - 2 potions of berserk rage
 z - 2 potions of haste
 B - 2 potions of invisibility
 F - a potion of might
 I - 3 potions of mutation
 J - 4 potions of brilliance
 S - a potion of flight {unknown}


   Skills:
 - Level 4.0 Fighting
 + Level 12.4 Axes
 - Level 6.4 Dodging
 - Level 3.0 Stealth
 - Level 11.5 Spellcasting
 - Level 15.2 Ice Magic


You had 21 spell levels left.
You knew the following spells:

 Your Spells              Type           Power      Damage    Failure   Level
a - Freeze                Ice            100%       1d10      0%          1
b - Frozen Ramparts       Ice            100%       1d16      1%          3
c - Ozocubu's Armour      Ice            66%        N/A       1%          3
e - Ozocubu's Refrigerat  Ice            33%        4d14      9%          7

Your spell library contained the following spells:

 Spells                   Type           Power      Damage    Failure   Level
 Apportation              Tloc           24%        N/A       5%          1
 Beastly Appendage        Tmut           24%        N/A       5%          1
 Blink                    Tloc           24%        N/A       9%          2
 Lesser Beckoning         Tloc           24%        N/A       9%          2
 Momentum Strike          Conj/Tloc      24%        3d8       9%          2
 Static Discharge         Conj/Air       24%        2-3/arc   9%          2
 Wereblood                Tmut           12%        N/A       9%          2
 Spider Form              Tmut/Pois      12%        N/A       17%         3
 Vhi's Electric Charge    Tloc/Air       24%        N/A       17%         3
 Anguish                  Hex/Necr       6%         N/A       50%         4
 Passage of Golubria      Tloc           12%        N/A       50%         4
 Alistair's Intoxication  Tmut/Pois      8%         N/A       83%         5
 Arcjolt                  Conj/Air       6%         1d16      83%         5
 Plasma Beam              Fire/Air       6%         2x1d18    83%         5
 Yara's Violent Unravell  Hex/Tmut       6%         3d5       83%         5
 Enfeeble                 Hex            6%         N/A       100%        7
 Summon Ice Beast         Ice/Summ       Unusable   N/A       N/A         4
 Tukima's Dance           Hex            Unusable   N/A       N/A         3
 Spellforged Servitor     Conj/Summ      Unusable   N/A       N/A         7

Dungeon Overview and Level Annotations

Branches:
Dungeon (11/15)            Temple (1/1) D:4            Lair (4/5) D:11
  Swamp (0/4) Lair:3        Snake (0/4) Lair:2
  Slime: Lair:4-5       Orc: D:9-12

Altars:
Ashenzari
Cheibriados
Dithmenos
Elyvilon
Gozag
Kikubaaqudgha
Makhleb
Nemelex Xobeh
Okawaru
Qazlal
Ru
Sif Muna
Trog
Uskayaw
Vehumet
Wu Jian
Xom
Zin
The Shining One

Annotations:
D:7 exclusion: statue
Lair:3 1 runed translucent door, GloriousHammer's ghost, journeyman OgCA


Innate Abilities, Weirdness & Mutations

You can breathe waves of freezing cold which knock back foes.
Your icy white scales are hard. (AC +8)
You cannot fit into any form of body armour.
You are clumsy. (Dex -2)
Your flesh is cold resistant. (rC+)
You are cold-blooded and may be slowed by cold attacks.
You are missing a hand.
You cannot study or use magical devices.
You are hated by all.


Message History

The blast of calcifying dust hits you but does no damage.
You hit the catoblepas. You burn the catoblepas. You tail-slap the catoblepas.
The catoblepas is heavily wounded.
You are engulfed in calcifying dust.
The catoblepas begins to attack, but is stunned by your conviction!
The catoblepas gores you!!
You hit the catoblepas but do no damage.
The catoblepas is heavily wounded.
You slash the fungus!
The fungus begins to die.
You burn the fungus. You hit the catoblepas. You burn the catoblepas.
You tail-slap the catoblepas.
The catoblepas is heavily wounded.
You hit the fungus. You burn the fungus.
The catoblepas is stunned by your conviction and fails to attack.
Unknown command.
You hit the catoblepas. You burn the catoblepas.
The catoblepas is heavily wounded.
You hit the fungus. You burn the fungus. The catoblepas gores you!
* * * LOW HITPOINT WARNING * * *
Unknown command.
You hit the catoblepas. You burn the catoblepas. You tail-slap the catoblepas.
The catoblepas is severely wounded.
You hit the fungus. You burn the fungus. The catoblepas gores you!!
* * * LOW HITPOINT WARNING * * *
You hit the catoblepas. You burn the catoblepas.
The catoblepas is severely wounded.
You hit the fungus. You burn the fungus.
A nearby fungus withers and dies.
The catoblepas breathes a plume of calcifying dust at you.
The blast of calcifying dust hits you.
* * * LOW HITPOINT WARNING * * *
Unknown command.
The catoblepas misses you.
You hit the catoblepas but do no damage.
The catoblepas is severely wounded.
The catoblepas begins to attack, but is stunned by your conviction!
You hit the catoblepas. You burn the catoblepas.
You tail-slap the catoblepas, but do no damage.
The catoblepas is severely wounded.
The catoblepas breathes a plume of calcifying dust at you.
The blast of calcifying dust hits you!
You die...

P###..#. .....#..
....P.. .....## #....##
.....## ###.Y..###
#..§@..P.# ###.§.#....#
####..§..#P....#
######.##.§...#......#
###........§.######...##
#.........#.## ####
##......../.#
#...........#
.#..........#


You could see a catoblepas.

Vanquished Creatures
  2 two-headed ogres
  2 hydras (Lair:3)
  A boulder beetle (Lair:2)
  A fire crab (Lair:3)
  Amaemon (Lair:2)
  Pikel (D:4)
  2 bog bodies (Lair:3)
  An ugly thing (D:11)
  A cyclops (D:10)
  2 wolf spiders (Lair:1)
  12 elephants
  3 black mambas
  3 cane toads
  A torpor snail (Lair:4)
  An orange demon (Lair:2)
  4 rime drakes
  A kobold demonologist (D:7)
  5 komodo dragons
  2 unseen horrors (D:10)
  8 blink frogs
  A vampire (D:9)
  2 shadows
  A basilisk (Lair:1)
  A wyvern (Lair:2)
  3 steam dragons
  44 yaks
  5 water moccasins
  4 orc warriors
  3 black bears
  An ice beast (D:7)
  2 sky beasts (D:8)
  5 wolves (Lair:1)
  4 ogres
  4 phantoms
  3 centaurs
  3 lemures (D:4)
  2 kobold brigands
  7 bullfrogs
  4 gnoll sergeants
  2 scorpions
  4 wights (D:9)
  3 killer bees (D:8)
  10 howler monkeys
  4 hounds
  7 jellies
  5 orc priests
  2 sleepcaps (D:6)
  4 iguanas
  5 orc wizards
  10 hell rats
  6 adders
  16 gnolls
  5 river rats (Lair:2)
  A white imp (D:6)
  3 ufetubi
  A worm (D:3)
  2 dart slugs (D:3)
  40 orcs
  15 endoplasms
  6 goblins
  8 hobgoblins
  2 jackals (D:1)
  14 kobolds
  A quokka (D:1)
  2 ball pythons (D:1)
  8 bats
  A frilled lizard (D:3)
  10 rats
350 creatures vanquished.

Vanquished Creatures (others)
  A skyshark (Lair:3)
  2 komodo dragons
  2 blink frogs (Lair:1)
  A shadow (D:11)
  A yak (Lair:1)
  A gnoll sergeant (D:7)
  A wight (D:9)
  75 fungi
  66 plants
  8 toadstools (D:3)
158 creatures vanquished.

Grand Total: 508 creatures vanquished

Notes
Turn   | Place    | Note
-------+----------+-------------------------------------------
     0 | D:1      | Hubris850 the Draconian Ice Elementalist began the quest
                  | for the Orb.
     0 | D:1      | Reached XP level 1. HP: 14/14 MP: 3/3
   216 | D:1      | Reached XP level 2. HP: 20/20 MP: 3/5
   810 | D:1      | Reached XP level 3. HP: 26/26 MP: 3/6
  1583 | D:2      | Identified the +0 leather armour of the Stars {Regen+}
  1837 | D:3      | Learned a level 3 spell: Frozen Ramparts
  2035 | D:3      | Reached XP level 4. HP: 33/33 MP: 1/7
  2675 | D:3      | Reached XP level 5. HP: 33/38 MP: 2/9
  3411 | D:3      | Learned a level 3 spell: Ozocubu's Armour
  3481 | D:4      | Found a hazy altar of Hepliaklqana.
  3536 | D:4      | Noticed an ogre
  3556 | D:4      | Killed an ogre
  3557 | D:4      | Reached skill level 5 in Ice Magic
  3557 | D:4      | Reached XP level 6. HP: 45/45 MP: 9/11
  3599 | D:4      | Learned a level 4 spell: Summon Ice Beast
  3666 | D:4      | Found a glowing silver altar of Zin.
  3787 | D:4      | Found a staircase to the Ecumenical Temple.
  3800 | Temple   | Entered the Ecumenical Temple
  3862 | Temple   | Became a worshipper of Ru the Awakened
  3889 | D:4      | Found a sparkling altar of Nemelex Xobeh.
  4057 | D:4      | Noticed Pikel
  4070 | D:4      | Killed Pikel
  4071 | D:4      | Reached skill level 6 in Ice Magic
  4071 | D:4      | Your scales start taking on an icy white colour.
  4071 | D:4      | Reached skill level 7 in Ice Magic
  4071 | D:4      | Reached XP level 7. HP: 29/50 MP: 2/13
  4071 | D:4      | Gained mutation: Your flesh is cold resistant. (rC+) [White
                  | Draconian growth]
  4335 | D:5      | Entered Level 5 of the Dungeon
  4404 | D:5      | Reached XP level 8. HP: 34/57 MP: 11/15
  4457 | D:5      | Identified the +0 robe of Nanum {+Inv rCorr SInv}
  4572 | D:5      | Got the Reference Book on the Combined Body
  4642 | D:5      | Reached skill level 5 in Spellcasting
  4849 | D:5      | Reached skill level 5 in Dodging
  5065 | D:5      | Reached skill level 8 in Ice Magic
  5238 | D:6      | Found a shadowy altar of Dithmenos.
  5647 | D:6      | Gained mutation: You are hated by all. [Ru sacrifice]
  5647 | D:6      | Reached * piety under Ru
  5647 | D:6      | Reached ** piety under Ru
  5669 | D:6      | Reached skill level 9 in Ice Magic
  5752 | D:6      | Identified the +1 war axe of Perversion {heavy, Int+2 SInv}
  5774 | D:6      | Reached XP level 9. HP: 62/62 MP: 18/18
  6356 | D:7      | Learned a level 7 spell: Ozocubu's Refrigeration
  6401 | D:7      | Noticed a two-headed ogre
  6401 | D:7      | Noticed a kobold demonologist
  6421 | D:7      | Killed a two-headed ogre
  6422 | D:7      | Reached skill level 10 in Ice Magic
  6526 | D:7      | Noticed an orange demon
  6531 | D:7      | Killed a kobold demonologist
  6532 | D:7      | Reached skill level 11 in Ice Magic
  6627 | D:7      | Found a white marble altar of Elyvilon.
  6884 | D:7      | Found a radiant altar of Vehumet.
  7156 | D:7      | Reached XP level 10. HP: 69/69 MP: 18/22
  8158 | D:8      | Reached skill level 12 in Ice Magic
  8179 | D:8      | Gained mutation: You cannot study or use magical devices.
                  | [Ru sacrifice]
  8179 | D:8      | Reached *** piety under Ru
  8498 | D:9      | Noticed a two-headed ogre
  8509 | D:9      | Killed a two-headed ogre
  9065 | D:9      | Reached skill level 13 in Ice Magic
  9125 | D:9      | Found an opulent altar of Gozag.
  9477 | D:9      | Reached skill level 10 in Spellcasting
  9481 | D:9      | Reached XP level 11. HP: 74/74 MP: 13/25
 10120 | D:10     | Entered Level 10 of the Dungeon
 10171 | D:10     | Gained mutation: You are missing a hand. [Ru sacrifice]
 10171 | D:10     | Reached **** piety under Ru
 10171 | D:10     | Reached ***** piety under Ru
 10948 | D:11     | Reached skill level 14 in Ice Magic
 10951 | D:11     | Found a staircase to the Lair.
 10953 | D:11     | Noticed a white ugly thing
 11501 | Lair:1   | Entered Level 1 of the Lair of Beasts
 11705 | D:11     | Killed a white ugly thing
 12181 | Lair:1   | Reached skill level 15 in Ice Magic
 12244 | Lair:1   | Gained mutation: You are clumsy. (Dex -2) [Ru sacrifice]
 12244 | Lair:1   | Reached ****** piety under Ru
 12545 | Lair:1   | Noticed a wolf spider
 12545 | Lair:1   | Noticed a wolf spider
 12553 | Lair:1   | Killed a wolf spider
 12554 | Lair:1   | Reached skill level 1 in Fighting
 12554 | Lair:1   | Reached skill level 1 in Axes
 12743 | Lair:1   | Killed a wolf spider
 13485 | Lair:2   | Found a staircase to the Snake Pit.
 13522 | Lair:2   | Reached XP level 12. HP: 71/89 MP: 8/27
 13772 | Lair:2   | Reached skill level 5 in Axes
 13845 | Lair:2   | Identified the +6 hand axe of Paergh {heavy, *Rage +Blink
                  | rC++}
 13934 | Lair:2   | Noticed a boulder beetle
 13955 | Lair:2   | Killed a boulder beetle
 14681 | Lair:2   | Noticed Amaemon
 14695 | Lair:2   | Killed Amaemon
 14787 | Lair:3   | Noticed a five-headed hydra
 14908 | Lair:3   | Killed a three-headed hydra
 15433 | Lair:3   | Identified the +6 morningstar "Iteokk" {elec, rC+ rN+ rCorr
                  | Str-3}
 15526 | Lair:3   | Found a runed translucent door.
 15526 | Lair:3   | Noticed GloriousHammer's ghost (journeyman OgCA)
 15535 | Lair:3   | Found a staircase to the Swamp.
 15543 | Lair:3   | Reached skill level 10 in Axes
 16046 | Lair:3   | Reached XP level 13. HP: 96/96 MP: 21/28
 16974 | Lair:4   | Killed from afar by a catoblepas

Illustrated notes

Levels and vault maps discovered:
D:1:      elethiomel_arrival_quiet, layout_basic,
          chequers_serial_rivers_micro_b, minmay_unequal
D:2:      layout_loops_ring
D:3:      cheibrodos_fertilizer, layout_loops_corners
D:4:      layout_basic, amcnicky_altar_gilded, marbit_many_paths,
          mainiacjoe_overflow_surrounded_room, minmay_temple_entry_grid,
          uniq_pikel
D:5:      layout_rooms
D:6:      layout_loops_ring, mainiacjoe_overflow_boulevard
D:7:      minmay_blocky_corners, layout_loops_ring,
          mainiacjoe_overflow_tiny_flanked, vehumet_statue
D:8:      layout_cave_pools, kennysheep_pointless_box
D:9:      layout_basic, nicolae_gozag_seed_capital
D:10:     layout_small_grid, fedhas_altar_1
D:11:     layout_stronghold, due_lair_maze_entry_diamond, orc_0_dummy
Temple:   eino_temple_water
Lair:1:   dreamdust_cave_troll, layout_regular_city,
          nicolae_lair_run_with_the_wolves, grunt_megastairs_3
Lair:2:   layout_layer_cave, dummy_snake_entry, kennysheep_abandoned_house,
          uniq_amaemon
Lair:3:   layout_roguey, skrybe_swamp_entry_bodies, gammafunk_ghost_grave
Lair:4:   layout_concentric_octagons, nicolae_slime_entry_field_trip

Skill      XL: |  1  2  3  4  5  6  7  8  9 10 11 12 13 |
---------------+----------------------------------------+-----
Stealth        | 2 3 |  3.0
Dodging        | 2 3 4 6 |  6.4
Spellcasting   | 3 4 6 8 10 11 | 11.5
Ice Magic      | 5 7 9 11 13 15 | 15.2
Summonings     | 2 3 0 |  0.0
Fighting       | 3 4 |  4.0
Axes           | 2 10 12 | 12.4

Action                     |  1- 3 |  4- 6 |  7- 9 | 10-12 | 13-15 || total
---------------------------+-------+-------+-------+-------+-------++-------
  Melee: Spear             |    71 |       |       |       |       ||    71
         Tailslap          |    11 |    15 |    26 |    92 |    20 ||   164
         Short sword       |    39 |    10 |       |       |       ||    49
         Punch             |     1 |       |     3 |     1 |       ||     5
         Falchion          |       |    77 |   182 |   304 |       ||   563
         War axe           |       |       |       |   217 |    77 ||   294
  Throw: Javelin           |       |     5 |     7 |     6 |       ||    18
         Dart              |       |     4 |    21 |     6 |       ||    31
   Cast: Freeze            |    12 |     9 |    10 |    19 |       ||    50
         Frozen Ramparts   |     2 |     7 |    13 |    55 |     4 ||    81
         Ozocubu's Armour  |       |     1 |     5 |    36 |     3 ||    45
         Ozocubu's Refrige |       |       |       |    17 |     7 ||    24
 Invoke: Sacrifice Love    |       |       |     1 |       |       ||     1
         Sacrifice Artific |       |       |       |     1 |       ||     1
         Sacrifice Purity  |       |       |       |     1 |       ||     1
         Sacrifice a Hand  |       |       |       |     1 |       ||     1
Ability: Breathe Frost     |       |       |     6 |     2 |       ||     8
    Use: Scroll            |       |       |       |    16 |       ||    16
         Potion            |       |       |       |    11 |     1 ||    12
   Stab: Sleeping          |     6 |     4 |     3 |     1 |       ||    14
         Distracted        |     1 |       |       |     7 |     1 ||     9
         Invisible         |       |     1 |       |     5 |       ||     6
         Paralysed         |       |       |       |     8 |     2 ||    10
 Armour: Skin              |    31 |    45 |    59 |   276 |    43 ||   454
  Dodge: Dodged            |    62 |    48 |   138 |   410 |    47 ||   705

Table legend: (Time is in decaauts)
 A = Elapsed time spent in this place.
 B = Non-inter-level travel time spent in this place.
 C = Inter-level travel time spent in this place.
 D = Time resting spent in this place.
 E = Time spent auto-exploring this place.
 F = Levels seen in this place.
 G = Mean time per level.
                   A        B        C        D        E       F      G
               +--------+--------+--------+--------+--------+-----+--------+
         Total |  17184 |  16834 |    350 |   4689 |   8429 |  16 | 1074.0 |
       Dungeon |  11706 |  11430 |    276 |   2660 |   6216 |  11 | 1064.2 |
        Temple |     79 |     62 |     17 |      0 |      1 |   1 |   79.0 |
          Lair |   5397 |   5340 |     57 |   2029 |   2212 |   4 | 1349.2 |
               +--------+--------+--------+--------+--------+-----+--------+

Top non-repeatable levels by time:
  Lair:1: 1819 daAuts
     D:9: 1676 daAuts
  Lair:3: 1660 daAuts
     D:3: 1643 daAuts
  Lair:2: 1471 daAuts
     D:7: 1375 daAuts
     D:1: 1119 daAuts
     D:6: 995 daAuts
     D:8: 934 daAuts
    D:10: 932 daAuts
     D:5: 893 daAuts
     D:4: 805 daAuts
     D:2: 716 daAuts
    D:11: 613 daAuts
  Lair:4: 446 daAuts
